 Dungeon Crawl Stone Soup version 0.30.0-29-ga12c61a403 (webtiles) character file.

Game seed: 9663009560276876673

10436 MeatMancer the Protected (level 11, -3/97 HPs)
             Began as a Hill Orc Reaver on June 5, 2023.
             Was a Believer of the Shining One.
             Slain by a two-headed ogre
             ... wielding a +0 giant club
              (24 damage)
             ... on level 10 of the Dungeon.
             The game lasted 00:48:47 (10618 turns).

MeatMancer the Protected (Hill Orc Reaver)         Turns: 10618, Time: 00:48:48

Health: -3/97      AC: 20    Str: 20    XL:     11   Next: 62%
Magic:  22/22      EV: 12    Int: 13    God:    the Shining One [**....]
Gold:   726        SH:  7    Dex: 15    Spells: 12/13 levels left

rFire   . . .        a - +1 hand axe
rCold   x . .        V - +0 kite shield
rNeg    + . .        p - +0 plate armour
rPois   .            N - +1 hat
rElec   +            g - +0 cloak
rCorr   .            L - +0 pair of gloves
SInv    .            (no boots)
Will    .....        i - amulet of regeneration Stlth
                     y - ring "Moibbeel" {rElec rC- MP+9 EV+5}
HPRegen 1.16/turn    J - +6 ring of dexterity
MPRegen 0.18/turn

%: no passive effects
@: glowing
A: no striking features
a: Renounce Religion, Divine Shield


You were on level 10 of the Dungeon.
You worshipped the Shining One.
The Shining One was pleased with you.
You visited 2 branches of the dungeon, and saw 11 of its levels.
You also visited: Sewer.

You collected 726 gold pieces.

Inventory:

Hand Weapons
 a - a +1 hand axe (weapon)
 f - a +0 sling
 X - a +0 war axe
Missiles
 o - 9 boomerangs
 q - 110 stones
 s - 29 poisoned darts (quivered)
Armour
 g - a +0 cloak (worn)
 p - a +0 plate armour (worn)
 L - a +0 pair of gloves (worn)
 N - a +1 hat (worn)
 V - a +0 kite shield (worn)
Jewellery
 i - an amulet of regeneration (around neck)
 k - a ring of fire
 l - a ring of flight
 m - an amulet of guardian spirit
 y - the ring "Moibbeel" (left hand) {rElec rC- MP+9 EV+5}
   (You found it on level 3 of the Dungeon)

   [ring of evasion]

   EV:        It affects your evasion (+5).
   rC:        It makes you vulnerable to cold.
   rElec:     It insulates you from electricity.
   MP:        It affects your magic capacity (+9).
 z - a ring of see invisible
 A - an amulet of reflection
 J - a +6 ring of dexterity (right hand)
 U - a +6 ring of dexterity
Wands
 d - a wand of polymorph (20)
 e - a wand of iceblast (17)
 C - a wand of acid (4)
 G - a wand of charming (28)
 Q - a wand of mindburst (5)
 T - a wand of digging (2)
Scrolls
 b - 2 scrolls of enchant weapon
 c - a scroll of magic mapping
 h - 3 scrolls of fog {unknown}
 j - 4 scrolls of teleportation
 n - 5 scrolls of noise
 u - 3 scrolls of vulnerability
 B - 4 scrolls of poison
 F - 3 scrolls of amnesia {unknown}
 H - a scroll of blinking {unknown}
 K - a scroll of fear
 M - 4 scrolls of identify
 S - a scroll of silence
Potions
 r - 2 potions of mutation
 t - a potion of might
 v - a potion of ambrosia {unknown}
 w - 4 potions of haste
 x - 3 potions of magic
 D - 4 potions of curing {unknown}
 E - 4 potions of lignification {unknown}
 I - 3 potions of invisibility {unknown}
 O - 3 potions of heal wounds
 P - 2 potions of attraction {unknown}
 R - a potion of resistance {unknown}


   Skills:
 - Level 9.4 Fighting
 - Level 12.3 Axes
 - Level 12.9 Armour
 + Level 5.9 Dodging
 - Level 1.5 Spellcasting
 - Level 3.0 Conjurations


You had 12 spell levels left.
You knew the following spells:

 Your Spells              Type           Power      Damage    Failure   Level
a - Kiss of Death         Conj/Necr      16%        2d6       99%         1

Your spell library contained the following spells:

 Spells                   Type           Power      Damage    Failure   Level
 Shock                    Conj/Air       16%        1d4       99%         1
 Freeze                   Ice            4%         1d3       100%        1
 Ensorcelled Hibernation  Hex/Ice        2%         N/A       100%        2
 Momentum Strike          Conj/Tloc      8%         3d8       100%        2
 Poisonous Vapours        Pois/Air       2%         N/A       100%        2
 Call Canine Familiar     Summ           1%         N/A       100%        3
 Frozen Ramparts          Ice            2%         1d1       100%        3
 Hailstorm                Conj/Ice       4%         3d4       100%        3
 Mephitic Cloud           Conj/Pois/Air  3%         N/A       100%        3
 Portal Projectile        Hex/Tloc       2%         N/A       100%        3
 Spider Form              Tmut/Pois      1%         N/A       100%        3
 Swiftness                Air            1%         N/A       100%        3
 Vhi's Electric Charge    Tloc/Air       2%         N/A       100%        3
 Airstrike                Air            0%         2d(1-17)  100%        4
 Anguish                  Hex/Necr       0%         N/A       100%        4
 Ice Form                 Ice/Tmut       1%         N/A       100%        4
 Leda's Liquefaction      Hex/Erth       0%         N/A       100%        4
 Arcjolt                  Conj/Air       2%         1d12      100%        5
 Freezing Cloud           Conj/Ice/Air   1%         6-21      100%        5
 Plasma Beam              Fire/Air       0%         2x1d11    100%        6
 Simulacrum               Ice/Necr       0%         N/A       100%        6


Dungeon Overview and Level Annotations

Branches:
Dungeon (10/15)            Temple (1/1) D:4            Lair (0/5) D:9
    Orc (0/2) D:9           Sewer (visited)

Altars:
Ashenzari
Cheibriados
Dithmenos
Elyvilon
Fedhas
Gozag
Hepliaklqana
Kikubaaqudgha
Makhleb
Nemelex Xobeh
Okawaru
Qazlal
Ru
Sif Muna
Trog
Uskayaw
Vehumet
Wu Jian
Xom
Yredelemnul
Zin
The Shining One

Annotations:
D:9 2 transporters, mkat's ghost, journeyman BaCj


Message History

The two-headed ogre is heavily wounded.
The two-headed ogre hits you with a +0 giant club!!
The two-headed ogre hits you with a +0 giant club.
You hit the two-headed ogre but do no damage.
The two-headed ogre is heavily wounded.
The two-headed ogre misses you. The two-headed ogre barely misses you.
You slash the two-headed ogre!
The two-headed ogre is severely wounded.
You hit the two-headed ogre but do no damage.
The two-headed ogre is severely wounded.
The two-headed ogre misses you.
The two-headed ogre hits you with a +0 giant club!
You hit the two-headed ogre.
The two-headed ogre is severely wounded.
You slash the two-headed ogre!
The two-headed ogre is almost dead.
The two-headed ogre hits you with a +0 giant club!! x2
* * * LOW HITPOINT WARNING * * *
You hit the two-headed ogre.
The two-headed ogre is almost dead.
The two-headed ogre attacks as you move away!
The two-headed ogre hits you with a +0 giant club!
* * * LOW HITPOINT WARNING * * *
The two-headed ogre closely misses you.
The two-headed ogre attacks as you move away!
You block the two-headed ogre's attack.
The two-headed ogre hits you but does no damage.
Throw: 30 darts (poison)
Press: ? - help, Q - select action, (/) - cycle Shift-Dir - straight line, f/p - two-headed ogre
Aim: a two-headed ogre, wielding two +0 giant clubs (almost dead, poisoned, haloed, 94% to hit)
You throw a poisoned dart.
The poisoned dart hits the two-headed ogre.
The two-headed ogre is almost dead.
The two-headed ogre attacks as you move away!
You block the two-headed ogre's attack.
The two-headed ogre hits you with a +0 giant club.
* * * LOW HITPOINT WARNING * * *
The two-headed ogre attacks as you move away!
The two-headed ogre hits you with a +0 giant club!!
You die...

##.. #.. ..# ####### #.###
####### #.....# (.(.# #.....#
#.###.# #.
.##(###.###.###########.###.#
##. ###.(.#.#
#(##........#)#...# #..
###.#.###.##........#)#.#####.!
#.#...#....O@.......#.# .....
#.###.####........###K# #..
#.....# #........# #.#.###.. #
####### #........# #K#...... #
#........# #.######. #
#........###.######. ##
########.....KK..##. .##
#.....###.##. ..##
#.....##.....


You could see a two-headed ogre (poisoned).

Vanquished Creatures
  Gastronok (D:7)
  Pikel (D:6)
  Maurice (D:8)
  Joseph (D:8)
  Psyche (D:7)
  Grinder (Sewer)
  16 yaks
  A wyvern (D:9)
  5 humans (D:7)
  Edmund (D:7)
  The ghost of Kamelo the Digger, an amateur GrEE (D:4)
  Duvessa (D:6)
  6 orc warriors
  4 ice beasts
  2 black bears
  3 ogres
  5 centaurs
  Blork the orc (D:4)
  6 kobold brigands
  2 lemures (D:6)
  2 bullfrogs
  A scorpion (D:5)
  3 gnoll sergeants
  3 wights (D:7)
  Dowan (D:6)
  6 howler monkeys
  A quasit (Sewer)
  7 hounds
  A gnoll bouda (D:6)
  8 orc priests
  2 sleepcaps
  5 iguanas
  7 orc wizards
  A scorpion zombie (D:3)
  16 gnolls
  6 river rats (D:9)
  8 adders
  5 shadow imps
  3 ufetubi (Sewer)
  2 adder zombies (D:3)
  3 worms
  4 dart slugs
  38 orcs
  3 endoplasms
  8 giant cockroaches
  6 goblins
  4 hobgoblins
  5 jackals
  A quokka (D:4)
  8 ball pythons
  A ball python zombie (D:3)
  9 bats
  4 frilled lizards
  A giant cockroach zombie (Sewer)
  38 kobolds
  20 rats
301 creatures vanquished.

Vanquished Creatures (others)
  An orc wizard (D:6)
  An adder zombie (Sewer)
  An endoplasm (Sewer)
3 creatures vanquished.

Grand Total: 304 creatures vanquished

Notes
Turn   | Place    | Note
-------+----------+-------------------------------------------
     0 | D:1      | MeatMancer the Hill Orc Reaver began the quest for the Orb.
     0 | D:1      | Reached XP level 1. HP: 18/18 MP: 3/3
   218 | D:1      | Found a faded altar of an unknown god.
   228 | D:1      | Reached XP level 2. HP: 26/26 MP: 4/4
  1236 | D:2      | Reached XP level 3. HP: 26/33 MP: 5/5
  2016 | D:3      | Found a basalt altar of Yredelemnul.
  2028 | D:3      | Reached skill level 5 in Fighting
  2028 | D:3      | Reached XP level 4. HP: 42/42 MP: 6/6
  2080 | D:3      | Found a glowing drain.
  2143 | Sewer    | Entered a sewer
  2220 | Sewer    | Reached XP level 5. HP: 47/50 MP: 7/7
  2287 | Sewer    | Found a burning altar of Makhleb.
  2287 | Sewer    | Noticed a kobold brigand
  2317 | Sewer    | Killed a kobold brigand
  2341 | Sewer    | Reached XP level 6. HP: 59/59 MP: 8/8
  2341 | Sewer    | Noticed Grinder
  2367 | Sewer    | Paralysed by Grinder for 3 turns
  2385 | Sewer    | Paralysed by Grinder for 3 turns
  2395 | Sewer    | HP: 1/51 [Grinder/nerve-wracking pain (4)]
  2396 | Sewer    | Killed Grinder
  2397 | Sewer    | Reached XP level 7. HP: 3/69 MP: 9/9
  2670 | D:3      | Identified the ring "Moibbeel" {rElec rC- MP+9 EV+5}
  3587 | D:4      | Found a staircase to the Ecumenical Temple.
  3603 | Temple   | Entered the Ecumenical Temple
  3603 | Temple   | Found a transporter.
  3603 | Temple   | Found a transporter.
  3606 | Temple   | Found a transporter.
  3606 | Temple   | Found a transporter.
  3685 | Temple   | Became a worshipper of the Shining One
  3727 | D:4      | Reached skill level 1 in Armour
  3856 | D:4      | Noticed Blork the orc
  3869 | D:4      | Killed Blork the orc
  3877 | D:4      | Found a burning altar of Makhleb.
  3886 | D:4      | Found an ancient bone altar of Kikubaaqudgha.
  4002 | D:4      | Found a large runed translucent door.
  4002 | D:4      | Found a large runed translucent door.
  4006 | D:4      | Noticed Kamelo's ghost (amateur GrEE)
  4194 | D:4      | Found a sparkling altar of Nemelex Xobeh.
  4252 | D:4      | Killed Kamelo's ghost
  4253 | D:4      | Reached XP level 8. HP: 78/78 MP: 10/10
  4280 | D:5      | Entered Level 5 of the Dungeon
  4319 | D:5      | Reached skill level 5 in Armour
  4641 | D:5      | Identified the +0 ring mail "Fonnopn" {*Slow Dex+4 Stlth+}
  4728 | D:5      | Found an ornate altar of the Wu Jian Council.
  5293 | D:6      | Noticed Duvessa
  5293 | D:6      | Noticed Dowan
  5355 | D:6      | Killed Dowan
  5372 | D:6      | Killed Duvessa
  5475 | D:6      | Reached XP level 9. HP: 57/84 MP: 11/11
  5949 | D:6      | Reached skill level 10 in Armour
  6217 | D:6      | Noticed Pikel
  6233 | D:6      | Killed Pikel
  6309 | D:7      | Found a stormy altar of Qazlal.
  6344 | D:7      | Reached * piety under the Shining One
  6382 | D:7      | HP: 3/84 [shadow imp/nerve-wracking pain (14)]
  6536 | D:7      | Found a bloodstained altar of Trog.
  6614 | D:7      | Noticed Edmund
  6669 | D:7      | Killed Edmund
  6677 | D:7      | Reached XP level 10. HP: 21/91 MP: 12/12
  6779 | D:7      | Noticed Psyche
  6820 | D:7      | Killed Psyche
  6821 | D:7      | Reached skill level 5 in Axes
  7653 | D:8      | Noticed Joseph
  7676 | D:8      | Killed Joseph
  7718 | D:8      | Noticed Gastronok
  7772 | D:7      | Reached skill level 10 in Axes
  7895 | D:7      | Killed Gastronok
  7896 | D:7      | Reached XP level 11. HP: 21/97 MP: 13/13
  8311 | D:8      | Found a broken altar of Ashenzari.
  8576 | D:8      | Found Zin's Purification Station.
  8579 | D:8      | Found a glowing silver altar of Zin.
  8588 | D:8      | Noticed Maurice
  8628 | D:8      | Killed Maurice
  8803 | D:9      | Reached ** piety under the Shining One
  8913 | D:9      | Found a staircase to the Lair.
  8928 | D:9      | Noticed a five-headed hydra
  8929 | D:9      | Noticed a four-headed hydra
  8934 | D:9      | Found a transporter.
  8934 | D:9      | Noticed mkat's ghost (journeyman BaCj)
  8944 | D:9      | Found a transporter.
  8968 | D:9      | Found a staircase to the Orcish Mines.
  9616 | D:9      | Reached skill level 5 in Dodging
 10170 | D:10     | Entered Level 10 of the Dungeon
 10557 | D:10     | Noticed a two-headed ogre
 10618 | D:10     | Slain by a two-headed ogre

Illustrated notes

Levels and vault maps discovered:
D:1:      zelgadis_glass_arrival_small, layout_loops_ring,
          ebering_ecumenical_altar_webs, minmay_pentomino_q4
D:2:      layout_basic
D:3:      layout_loops_cross, nicolae_yredelemnul_corpse_copse,
          gup_sewer_entry_glass
D:4:      layout_cave_pools, nemelex_spade_bored_becter,
          mainiacjoe_overflow_swirl, minmay_temple_entry_nine_rooms,
          ebering_ghost_disaster_area, uniq_blork_the_orc
D:5:      layout_rooms, mainiacjoe_overflow_paths
D:6:      layout_gridville, uniq_pikel, uniq_duvessa
D:7:      erik_cavepeople, layout_layer_cave, trog_three_pillars_becter,
          nicolae_overflow_crystal_walls
D:8:      layout_cave_pools, zin_purify, cheibrodos_ashenzari_chains,
          uniq_maurice, uniq_joseph, uniq_gastronok
D:9:      layout_layer_cave, lair_entry_dummy, erik_orc_4,
          gammafunk_ghost_arena, dk_rats_in_the_wall
D:10:     layout_basic, hangedman_decor_lopped
Temple:   hellmonk_temple_divided_pantheon

Skill      XL: |  1  2  3  4  5  6  7  8  9 10 11 |
---------------+----------------------------------+-----
Fighting       | 3 4 5 6 7 8 9 |  9.4
Armour         | 4 8 12 | 12.9
Axes           | 12 | 12.3
Dodging        | 5 |  5.9
Spellcasting   | |  1.5
Conjurations   | |  3.0

Action                     |  1- 3 |  4- 6 |  7- 9 | 10-12 || total
---------------------------+-------+-------+-------+-------++-------
  Melee: Hand axe          |   156 |   143 |   574 |   731 ||  1604
         Punch             |     1 |     1 |    13 |    17 ||    32
         Unarmed           |       |       |     1 |       ||     1
  Throw: Dart              |       |     1 |     1 |    20 ||    22
         Stone             |       |       |     3 |     2 ||     5
   Cast: Kiss of Death     |       |     2 |       |       ||     2
    Use: Potion            |       |     1 |     1 |     3 ||     5
         Scroll            |       |       |    15 |     1 ||    16
 Armour: Leather armour    |    30 |       |       |       ||    30
         Scale mail        |    28 |    75 |    38 |       ||   141
         Plate armour      |       |       |   288 |   280 ||   568
         Skin              |       |       |    22 |       ||    22
  Dodge: Dodged            |    92 |   111 |   397 |   303 ||   903
  Block: Kite shield       |       |       |       |    43 ||    43
